Unix NetHack Version 3.7.0-70 Work-in-progress - last build Jan 20 2023 02:37:49 (416de4da9be3a1557180d233d1398bca634ded6a,branch:master). Game began 2023-01-30 15:13:15, ended 2023-01-30 15:59:26. Kontroller, lawful male human Knight ----------- |.........| |....<....-### -------------- ------------ --- -----.--...- |.........| ## ###|......|..|..| |.......|..| |.| +..........| |.........+ ######|......|..|..| +.......|..| .| #|a.........| -----|----- ### #|......--|--|----.......-|-----.| ####.a@aa......| ### # #|...............................| ######|aaa.......| ##### ## #|...---|----|-.......-+--.......| # ##.q.....j.... # ############....|...|....|{......| |.%.....-###########...........| -|-------|- # ####|...|%%!|....|.......| |.......| # .---..-...-- |...>.....| ##|...|%%%|._..|.......----.......| # ` |..........### ##|...|%%%|....|....{.............| #`#` |.........| ## # #....|----------.-------|-------.| ## |.........| ### #|...|.(((|....+.|.((!|...|=[?.|.| # |..........###### #|...|..((|....|.|.(.(|...|(??.|.. # ----------- #|...-.(..|)...|.(.((.|...|%%[.-.| #|...-----------.---------------.| #|..............................*| #--------------------------------- Kontroller the Bachelor St:15 Dx:9 Co:11 In:7 Wi:17 Ch:18 Lawful S:1574 Dlvl:5 $:10 HP:0(52) Pw:48(48) AC:3 Xp:6/341 T:3059 Strngl Burdened Latest messages: The killer bee misses! The killer bee misses! The killer bee stings! The killer bee just misses! You miss the killer bee. The killer bee stings! The killer bee stings! The killer bee stings! The killer bee misses! The killer bee stings! You find it hard to breathe. You miss the killer bee. The killer bee stings! The killer bee misses! The killer bee stings! The killer bee stings! The killer bee stings! You're gasping for air. The killer bee misses! The killer bee stings! The killer bee misses! The killer bee stings! The killer bee stings! The killer bee misses! You can no longer breathe. Are you sure you want to pray? [yn] (n) y You begin praying to Lugh. The killer bee stings! The killer bee stings! The killer bee stings! The killer bee stings! The killer bee's sting was poisoned! The poison doesn't seem to affect you. The killer bee stings! The killer bee stings! The killer bee misses! The killer bee stings! The killer bee stings! The killer bee stings! You're turning blue. The killer bee stings! The killer bee stings! The killer bee stings! The killer bee stings! The killer bee stings! The killer bee stings! The killer bee stings! You suffocate. Do you want your possessions identified? [ynq] (y) y Do you want to see your attributes? [ynq] (y) q Inventory: Coins $ - 10 gold pieces Amulets u - a cursed amulet of strangulation (being worn) Weapons k - 9 +0 ya B - 20 +0 darts w - a +0 aklys r - a cursed +0 aklys x - the +0 Orcrist (weapon in hand) Armor d - an uncursed +0 helmet (being worn) f - an uncursed +0 pair of leather gloves (being worn) e - an uncursed +0 small shield (being worn) c - an uncursed +1 ring mail (being worn) v - an uncursed +0 studded leather armor Comestibles p - 5 uncursed slime molds g - an uncursed apple h - 10 uncursed carrots b - an uncursed food ration l - an uncursed sprig of wolfsbane Scrolls m - a blessed scroll of fire Q - an uncursed scroll of identify W - a cursed scroll of identify U - an uncursed scroll of magic mapping s - a cursed scroll of teleportation Potions C - a cursed potion of hallucination t - an uncursed potion of healing E - a blessed potion of see invisible j - an uncursed potion of sleeping Rings X - a cursed -1 ring of adornment n - a cursed ring of aggravate monster Tools y - an uncursed skeleton key K - an uncursed stethoscope q - an uncursed tallow candle z - an uncursed tin opener I - an uncursed tin whistle D - an uncursed towel Gems/Stones o - an uncursed worthless piece of green glass V - an uncursed worthless piece of violet glass Kontroller the Knight's attributes: Background: You were a Bachelor, a level 6 male human Knight. You were lawful, on a mission for Lugh who was opposed by Brigit (neutral) and Manannan Mac Lir (chaotic). You were in the Gnomish Mines, on level 5. You entered the dungeon 3059 turns ago. You had 341 experience points, 299 more were needed to attain level 7. Your score was 1574 before end-of-game adjustments. Basics: You had 0 out of 52 hit points. You had all 48 energy points (spell power). Your armor class was 3. Your wallet contained 10 zorkmids. Autopickup was off. Final Characteristics: Your strength was 15 (limit:18/100). Your dexterity was 9 (limit:18). Your constitution was 11 (limit:18). Your intelligence was 7 (limit:18). Your wisdom was 17 (limit:18). Your charisma was 18 (limit:18). Final Status: You died from strangulation. You were not hungry. You were burdened; movement was slightly slowed. You were wielding a broadsword. You were unskilled in broadsword. Final Attributes: You were piously aligned. You were poison resistant. You were aware of the presence of orcs. You could jump. You were warded. You are dead. Miscellaneous: You never encountered a bones level. Total elapsed playing time was 19 minutes and 2 seconds. Major events: Turn 1: Kontroller the lawful male human Knight entered the dungeon 780: entered the Gnomish Mines 788: found Orcrist on the floor 811: attained the rank of Esquire (level 3) 2321: received Excalibur from a strange woman laying about in a pond 2613: reached Mine Town 2818: attained the rank of Bachelor (level 6) 3059: killed by strangulation, while praying Vanquished creatures: a pony a fog cloud 4 gnome leaders 2 gnomish wizards a red naga hatchling a guardian naga hatchling a straw golem a rothe a centipede a giant bat 2 orc zombies a werejackal 2 iguanas an acid blob a coyote 2 manes a large kobold 2 cave spiders a brown mold 9 gnomes 4 geckos 4 jackals a kobold 4 goblins 7 sewer rats a grid bug 5 lichens 62 creatures vanquished. No species were genocided or became extinct. Voluntary challenges: You were illiterate. You never engraved Elbereth. You never genocided any monsters. You never polymorphed an object. You never changed form. You used no wishes. Achievements: You entered the Gnomish Mines. You attained the rank of Esquire. You entered a shop. You entered Minetown. You entered a temple. You attained the rank of Bachelor. The Dungeons of Doom: levels 1 to 5 Level 1: Level 2: A fountain. Stairs down to The Gnomish Mines. Level 3: A weapon shop, an altar to Lugh, a fountain, a grave. Level 4: An altar to Lugh. Level 5: Some fountains. Oracle of Delphi. The Gnomish Mines: levels 3 to 5 Level 3: Level 5: <- You were here. Many shops, a temple, some fountains. Final resting place for you, killed by strangulation, while praying. Game over: ---------- / \ / REST \ / IN \ / PEACE \ / \ | Kontroller | | 10 Au | | killed by | | strangulation | | | | | | 2023 | *| * * * | * _________)/\\_//(\/(/\)/\//\/|_)_______ Fare thee well Kontroller the Knight... You died in The Gnomish Mines on dungeon level 5 with 1573 points, and 10 pieces of gold, after 3059 moves. You were level 6 with a maximum of 52 hit points when you died.